cohdb
Replays
Latest Replays
All Replays
Popular Replays
Top Player Replays
Match Explorer
How It Works
Community
CoH3 Stats
Reddit
Sign in to upload your games and track your stats! →
Sign in with Steam
Match 26370004
Unlisted
Match 26370004
Overview
Messages
Build Orders
End
Construct Section Command Post
Infantry Section
Infantry Section
Infantry Section
Grenade Package
Vickers Machine Gun Team
Construct Field Infirmary
Construct Platoon Command Post
Humber Armored Car
Vickers Machine Gun Team
Infantry Section
Construct Company Command Post
Foot Guards Section
Foot Guards Section
Selects Heavy Armor Battlegroup
Selects Light Vehicle Withdraw and Refit
Selects Forward Repair Assembly
Selects Recon Artillery
Matilda II Heavy Tank
Schynige Pfister 69
VleerPoezzz
NEETchungus69
hin4
thor 69
DOLPHSTALLONE
Joraad
123456789
0
0
Comments
sign in to comment!
No comments posted yet!